 Dungeon Crawl Stone Soup version 0.31-a0-190-g4feb4907b2 (webtiles) character file.

Game seed: 16728441500214785257

102 qw the Shooter (level 4, -5/25 HPs)
             Began as a Deep Elf Hunter on June 23, 2023.
             Slain by a gnoll
             ... wielding a +0 spear
              (7 damage)
             ... on level 2 of the Dungeon.
             The game lasted 00:00:33 (1227 turns).

qw the Shooter (Deep Elf Hunter)                    Turns: 1227, Time: 00:00:33

Health: -5/25      AC:  4    Str: 10    XL:     4   Next: 50%
Magic:  6/6        EV: 12    Int: 14    God:
Gold:   74         SH:  0    Dex: 18    Spells: 3/3 levels left

rFire   . . .        Y - +0 shortbow
rCold   . . .        (shield currently unavailable)
rNeg    + . .        c - +0 leather armour
rPois   .            e - +0 helmet
rElec   .            (no cloak)
rCorr   .            (no gloves)
SInv    .            (no boots)
Will    .....        g - amulet of faith
Stlth   ++           h - ring of positive energy
HPRegen 0.24/turn    (no ring)
MPRegen 0.10/turn

%: faith
@: about to teleport
A: no striking features
a: no special abilities


You were on level 2 of the Dungeon.
You visited 1 branch of the dungeon, and saw 2 of its levels.

You collected 74 gold pieces.


   Skills:
 - Level 1.5 Fighting
 + Level 7.9 Ranged Weapons
 - Level 2.4 Dodging
 - Level 1.2 Stealth


You had 3 spell levels left.
You didn't know any spells.
Your spell library was empty.

Inventory:

Hand Weapons
 Y - a +0 shortbow (weapon)
Armour
 c - a +0 leather armour (worn)
 e - a +0 helmet (worn)
Jewellery
 g - an amulet of faith (around neck)
 h - a ring of positive energy (left hand)
Scrolls
 i - a scroll of enchant armour {unknown}
 j - a scroll of silence {unknown}
Potions
 a - a potion of berserk rage {unknown}
 d - a potion of haste

Dungeon Overview and Level Annotations

Branches:
Dungeon (2/15)

Altars:

Annotations:
D:2 exclusion: 11 gnolls


Message History

You shoot an arrow. The arrow closely misses the gnoll.
The gnoll hits you from afar with a +0 spear!
You shoot an arrow.
The arrow hits the gnoll but does no damage.
The gnoll hits you from afar with a +0 spear.
Enter note:
1213 ||| READING scroll labelled YSTODD JIAZO.
As you read the scroll labelled YSTODD JIAZO, it crumbles to dust.
It is a scroll of identify.
Really abort (and waste the scroll)?
The gnoll hits you from afar with a +0 spear.
Enter note:
Enter note:
Enter note:
Enter note:
Enter note:
Enter note: The gnoll hits you from afar with a +0 spear.
Enter note:
Enter note:
Enter note:
Enter note:
Enter note:
Enter note:
Enter note:
Enter note:
Enter note:
Enter note:
Enter note:
Enter note:
1225 ||| READING scroll labelled INETHI BAUCETT.
As you read the scroll labelled INETHI BAUCETT, it crumbles to dust.
You feel strangely unstable.
It was a scroll of teleportation.
The gnoll barely misses you.
Enter note:
Enter note: The gnoll hits you with a +0 spear.
The gnoll attacks as you move away! The gnoll hits you with a +0 spear.
The gnoll hits you from afar with a +0 spear!
You die...

#..######...
###.## #>..# #.###
#.# #.#
###########g#
#...........#
#.#########@####
#.# #....## #.#
#.....#### #.#
#........######
###'#######
#..#####......# ##
#.........#
#.%#.#.#..>...# #.
#.........#
##.%...#......###.
#.........#
#.#.#.#..........
#.........#
#.#####...######.


You could see a gnoll.

Vanquished Creatures
  3 gnolls (D:2)
  2 adders (D:2)
  2 dart slugs
  2 ball pythons
  5 bats (D:1)
  3 endoplasms
  2 giant cockroaches (D:2)
  4 hobgoblins
  3 jackals (D:1)
  3 quokkas
  3 frilled lizards (D:1)
  5 goblins
  8 kobolds
  6 rats
51 creatures vanquished.

Notes
Turn   | Place    | Note
-------+----------+-------------------------------------------
     0 | D:1      | qw the Deep Elf Hunter began the quest for the Orb.
     0 | D:1      | Reached XP level 1. HP: 12/12 MP: 3/3
     0 | D:1      | 0 ||| qw: Version: 0.3-a-9-g12657ce
     0 | D:1      | 0 ||| qw: Game counter: 4537
     0 | D:1      | 0 ||| qw: Always use a shield: true
     0 | D:1      | 0 ||| qw: God list: Okawaru
     0 | D:1      | 0 ||| qw: Allow faded altars: false
     0 | D:1      | 0 ||| qw: Do Orc after D:15 true
     0 | D:1      | 0 ||| qw: Do second Lair branch before Depths: true
     0 | D:1      | 0 ||| qw: Lair rune preference: random
     0 | D:1      | 0 ||| qw: Plans: Normal
     0 | D:1      | 0 ||| PLANNING D:1-11
    94 | D:1      | HP: 3/12 [ball python (3)]
   179 | D:1      | Reached skill level 6 in Ranged Weapons
   179 | D:1      | Reached XP level 2. HP: 16/16 MP: 4/4
   380 | D:1      | Reached XP level 3. HP: 11/20 MP: 5/5
   814 | D:1      | 814 ||| UPGRADING to +0 helmet.
   819 | D:1      | 819 ||| UPGRADING to amulet of guardian spirit.
   824 | D:1      | 824 ||| UPGRADING to amulet of faith.
   834 | D:1      | 834 ||| DROPPING amulet of guardian spirit.
   835 | D:1      | 835 ||| UPGRADING to ring of positive energy.
   836 | D:1      | 836 ||| READING scroll labelled AWUGIDGHEWYN.
   837 | D:1      | 837 ||| DRINKING 2 white potions.
   838 | D:1      | 838 ||| DROPPING scroll of butterflies.
  1010 | D:2      | Reached skill level 7 in Ranged Weapons
  1199 | D:2      | Reached XP level 4. HP: 24/25 MP: 6/6
  1213 | D:2      | 1213 ||| READING scroll labelled YSTODD JIAZO.
  1225 | D:2      | 1225 ||| READING scroll labelled INETHI BAUCETT.
  1227 | D:2      | HP: 2/25 [gnoll/+0 spear (5)]
  1227 | D:2      | Slain by a gnoll

Levels and vault maps discovered:
D:1:      dpeg_arrival_connections, layout_basic
D:2:      layout_basic, minmay_split_cup_small

Skill      XL: |  1  2  3 |
---------------+----------+-----
Ranged Weapons | 6 7 |  7.9
Fighting       | |  1.5
Dodging        | |  2.4
Stealth        | |  1.2

Action                     |  1- 3 |  4- 6 || total
---------------------------+-------+-------++-------
   Fire: Shortbow          |   123 |    14 ||   137
    Use: Scroll            |     1 |     2 ||     3
         Potion            |     1 |       ||     1
 Armour: Leather armour    |    17 |       ||    17
  Dodge: Dodged            |    23 |     6 ||    29

Table legend:
 A = Non-vault XP
 B = Vault XP
 C = Vault XP percentage of total XP
 D = Non-vault monster count
 E = Vault monster count
 F = Vault count percentage of total count
                 A         B        C        D         E       F
            +---------+---------+-------+---------+---------+-------
      Total |     142 |       5 |   3.4 |      48 |       3 |   5.9
            +---------+---------+-------+---------+---------+-------
        D:1 |      44 |       0 |   0.0 |      28 |       0 |   0.0
        D:2 |      98 |       5 |   4.9 |      20 |       3 |  13.0
            +---------+---------+-------+---------+---------+-------
